 Dungeon Crawl Stone Soup version 0.26-a0-667-g92642533e4 (webtiles) character file.

Game seed: 18411110268345280863

60 vortex the Firebug (level 3, -4/20 HPs)
             Began as a Deep Elf Fire Elementalist on Oct 16, 2020.
             Slain by a centaur (7 damage)
             ... on level 2 of the Dungeon.
             The game lasted 00:05:25 (1731 turns).

vortex the Firebug (Deep Elf Fire Elementalist)     Turns: 1731, Time: 00:05:25

Health: -4/20      AC:  2    Str:  5    XL:     3   Next: 82%
Magic:  7/10       EV: 13    Int: 20    God:
Gold:   57         SH:  0    Dex: 15    Spells: 8/9 levels left

rFire    . . .     SeeInvis .   f - +0 dagger
rCold    . . .     Faith    .   (no shield)
rNeg     . . .     Spirit   .   a - +0 robe
rPois    +         Reflect  .   (no helmet)
rElec    .         Harm     .   (no cloak)
rCorr    .         Rampage  .   (no gloves)
MR       .....                  (no boots)
Stlth    ++........             (no amulet)
HPRegen  0.06/turn              h - ring of poison resistance
MPRegen  0.12/turn              (no ring)

@: no status effects
A: no striking features
a: no special abilities


You were on level 2 of the Dungeon.
You visited 1 branch of the dungeon, and saw 2 of its levels.

You collected 57 gold pieces.

Inventory:

Hand Weapons
 f - a +0 dagger (weapon)
Missiles
 i - a poisoned dart (quivered)
Armour
 a - a +0 robe (worn)
Jewellery
 h - a ring of poison resistance (left hand)
Scrolls
 e - a scroll of identify {unknown}
 g - a scroll of magic mapping {unknown}
 k - a scroll of remove curse {unknown}
 m - a scroll of enchant armour {unknown}
 n - a scroll of amnesia {unknown}
Potions
 b - a potion of ambrosia {unknown}
 c - 2 potions of flight {unknown}
 d - a potion of curing {unknown}
 j - a potion of degeneration {unknown}
 l - a potion of heal wounds {unknown}
 o - a potion of berserk rage {unknown}


   Skills:
 * Level 1.5 Fighting
 + Level 2.9 Dodging
 - Level 2.4 Stealth
 + Level 3.5 Spellcasting
 + Level 1.9 Conjurations
 + Level 3.6 Fire Magic


You had 8 spell levels left.
You knew the following spells:

 Your Spells              Type           Power        Failure   Level
a - Foxfire               Conj/Fire      ##..         4%          1

Your spell library contained the following spells:

 Spells                   Type           Power        Failure   Level
 Conjure Flame            Conj/Fire      ##......     13%         3
 Inner Flame              Hex/Fire       ##......     19%         3
 Sticky Flame             Conj/Fire      ##......     38%         4
 Fireball                 Conj/Fire      ##........   75%         5


Dungeon Overview and Level Annotations

Branches:
Dungeon (2/15)

Altars:


Message History

The centaur shoots an arrow.
The arrow closely misses you.
You see here an arrow.
Casting: Foxfire (safe; 4% risk of failure)
Confirm with . or Enter, or press ? or * to list all spells.
You conjure some foxfire!
The foxfire hits the centaur.
The centaur is lightly wounded.
Casting: Foxfire (safe; 4% risk of failure)
Confirm with . or Enter, or press ? or * to list all spells.
You conjure some foxfire!
The centaur unwields a +0 shortbow.
The centaur hits you.
* * * LOW HITPOINT WARNING * * *
You are too injured to fight recklessly!
You hit the centaur but do no damage.
The centaur is lightly wounded.
The foxfire hits the centaur.
The centaur is moderately wounded.
The foxfire hits the centaur but does no damage.
The centaur is moderately wounded.
The centaur closely misses you. The centaur hits you!
You die...

######## #......#
#.####)# # #.# #. #v#
#####.####@############
........rc.ยง..........#
####..#(#############.#
#. #. #.# #.# #.# # ...
#.# #.# .#.). #.###.#
#"#.... #..##.# # #r....
##.##.# #....g# #.##.#


You could see a centaur and a quokka.

Vanquished Creatures
  2 adders (D:2)
  An ooze (D:2)
  A leopard gecko (D:1)
  5 giant cockroaches
  6 hobgoblins
  A ball python (D:2)
  2 bats (D:1)
  2 frilled lizards (D:2)
  4 goblins
  5 kobolds
  10 rats
39 creatures vanquished.

Vanquished Creatures (others)
  130 foxfires
130 creatures vanquished.

Grand Total: 169 creatures vanquished

Notes
Turn   | Place    | Note
-------+----------+-------------------------------------------
     0 | D:1      | vortex the Deep Elf Fire Elementalist began the quest for
                  | the Orb.
     0 | D:1      | Reached XP level 1. HP: 10/10 MP: 6/6
   437 | D:1      | Reached XP level 2. HP: 16/16 MP: 4/8
   642 | D:1      | Reached skill level 1 in Fighting
  1344 | D:2      | Reached XP level 3. HP: 20/20 MP: 5/9
  1722 | D:2      | Noticed a centaur
  1731 | D:2      | Slain by a centaur

Illustrated notes

Levels and vault maps discovered:
D:1:      matt_arrival_refuge, layout_basic
D:2:      layout_basic, corexii_corridor_pit, minmay_tetromino_t4

Skill      XL: |  1  2 |
---------------+-------+-----
Fighting       | 1 |  1.5
Dodging        | |  2.9
Stealth        | |  2.4
Spellcasting   | |  3.5
Conjurations   | |  1.9
Fire Magic     | |  3.6

Action                   || total
-------------------------++-------
Melee: Unarmed           ||     1
       Dagger            ||     3
Throw: Dart              ||     3
 Cast: Foxfire           ||    78
Dodge: Dodged            ||     5

Table legend: (Time is in decaauts)
 A = Elapsed time spent in this place.
 B = Non-inter-level travel time spent in this place.
 C = Inter-level travel time spent in this place.
 D = Time resting spent in this place.
 E = Time spent auto-exploring this place.
 F = Levels seen in this place.
 G = Mean time per level.
                   A        B        C        D        E       F      G
               +--------+--------+--------+--------+--------+-----+--------+
         Total |   1729 |   1723 |      6 |     26 |   1476 |   2 |  864.5 |
       Dungeon |   1729 |   1723 |      6 |     26 |   1476 |   2 |  864.5 |
               +--------+--------+--------+--------+--------+-----+--------+

Top non-repeatable levels by time:
     D:1: 1256 daAuts
     D:2: 473 daAuts
